 Dungeon Crawl Stone Soup version 0.31-a0-426-g3a05650e59 (webtiles) character file.

Game seed: 16659174420875037087

693 floatRand the Ruffian (level 7, -10/49 (52) HPs)
             Began as a White Draconian Shapeshifter on July 30, 2023.
             Mangled by a wight
             ... wielding a +3 scimitar
              (16 damage)
             ... on level 6 of the Dungeon.
             The game lasted 00:03:55 (4130 turns).

floatRand the Ruffian (DrSh)                        Turns: 4130, Time: 00:03:55

HP:   -10/49 (52)   AC:  6    Str: 17    XL:     7   Next: 37%
MP:   7/7           EV: 12    Int:  9    God:
Gold: 299           SH:  0    Dex: 19    Spells: 6/6 levels left

rFire   . .          .
                       - Unarmed
rCold   + . .        (no shield)
rNeg    . . .        (body armour unavailable)
rPois   .            (helmet currently unavailable)
rElec   .            (cloak currently unavailable)
rCorr   .            (gloves currently unavailable)
SInv    .            (boots currently unavailable)
Will    .....        (no amulet)
Stlth   ++           q - +6 ring of dexterity
HPRegen 0.28/turn    (no ring)
MPRegen 0.10/turn

%: no passive effects
@: short of breath, beast-form, drained
A: beast (slay +3), breathe frost, AC +6, unfitting armour, cold resistance 1,
cold-blooded
a: Breathe Frost, Begin Untransformation


You were on level 6 of the Dungeon.
You were a hulking beast.
You visited 1 branch of the dungeon, and saw 6 of its levels.

You collected 321 gold pieces.
You spent 22 gold pieces at shops.

Inventory:

Armour
 p - a +0 cloak
 z - a +2 pair of gloves
Jewellery
 q - a +6 ring of dexterity (left hand)
 r - a +6 ring of dexterity
 t - an amulet of reflection
Talismans
 b - a beast talisman (active)
 v - a serpent talisman
 w - a blade talisman
Wands
 s - a wand of iceblast (7)
Scrolls
 d - 3 scrolls of identify
 e - 2 scrolls of noise {unknown}
 h - a scroll of vulnerability {unknown}
 j - 2 scrolls of enchant weapon {unknown}
 k - 4 scrolls of teleportation {unknown}
 m - a scroll of acquirement {unknown}
 o - a scroll of poison {unknown}
 x - a scroll of blinking {unknown}
 y - a scroll of silence {unknown}
Potions
 a - 3 potions of lignification
 c - a potion of brilliance
 f - a potion of ambrosia
 g - a potion of might
 i - 3 potions of mutation {unknown}
 l - a potion of resistance {unknown}
 n - a potion of enlightenment {unknown}
 u - 2 potions of curing {unknown}
 A - a potion of degeneration {unknown}


   Skills:
 - Level 1.1 Fighting
 - Level 1.7 Dodging
 * Level 7.3 Unarmed Combat
 + Level 4.9 Shapeshifting


You had 6 spell levels left.
You didn't know any spells.
Your spell library contained the following spells:

 Spells                   Type           Power      Damage    Failure   Level
 Sandblast                Erth           0%         2d4       38%         1
 Lesser Beckoning         Tloc           0%         N/A       52%         2
 Passwall                 Tmut/Erth      0%         N/A       52%         2
 Gell's Gravitas          Tloc           0%         N/A       77%         3
 Stone Arrow              Conj/Erth      0%         3d7       77%         3
 Teleport Other           Tloc           0%         N/A       77%         3


Dungeon Overview and Level Annotations

Branches:
Dungeon (6/15)             Temple (0/1) D:5

Altars:
Vehumet

Shops:
D:2 *

Annotations:
D:3 2 transporters, TobyConnect's ghost, amateur DsSh


Innate Abilities, Weirdness & Mutations

You are a hulking beast.
Your limbs bulge with bestial killing power. (Slay +3)
You can breathe waves of freezing cold which knock back foes.
Your icy white scales are hard. (AC +6)
You cannot fit into any form of body armour.
Your flesh is cold resistant. (rC+)
You are cold-blooded and may be slowed by cold attacks.


Message History

The wight is severely damaged.
The wight hits you but does no damage.
You closely miss the wight.
The wight is severely damaged.
The wight hits you but does no damage.
You smack the wight!
You destroy the wight!
Your life force feels restored.
You barely miss the wight. The wight hits you with a +0 mace!
You feel drained.
You hit the wight. Your punch misses the wight.
The wight is lightly damaged.
The wight hits you but does no damage.
You closely miss the wight.
The wight is lightly damaged.
The wight hits you with a +0 mace.
* * * LOW HITPOINT WARNING * * *
You feel drained.
* * * LOW HITPOINT WARNING * * *
You pummel the wight!!
You destroy the wight!
You swing at nothing.
You hit the wight but do no damage. The wight completely misses you.
You closely miss the wight.
You feel less wooden.
You turn into a hulking beast.
The wight hits you with a +3 scimitar.
* * * LOW HITPOINT WARNING * * *
You feel drained.
* * * LOW HITPOINT WARNING * * *
You hit the wight.
You tail-slap the wight, but do no damage.
The wight is moderately damaged.
The wight hits you but does no damage.
You closely miss the wight.
Your tail-slap misses the wight.
The wight is moderately damaged.
The wight hits you with a +3 scimitar.
* * * LOW HITPOINT WARNING * * *
You hit the wight but do no damage.
The wight is moderately damaged.
The wight hits you with a +3 scimitar!
You die...

#.#####.#.#
.......<..# #
#######.#.#.#
........#.#
..........#
#####.#.#####.#
...#.......#
#######.########
......†.5zh....#
#.....#.###.####
#.###.#.# .# #
#.# .# #.# .#
#z# .# #z# .#
..# .# ..#


You could see a wight and a white imp.

Vanquished Creatures
  An ogre (D:5)
  A centaur (D:5)
  A scorpion (D:4)
  3 wights (D:6)
  A howler monkey (D:6)
  A jelly (D:6)
  A hound (D:5)
  2 iguanas (D:5)
  3 gnolls (D:4)
  6 adders
  A shadow imp (D:5)
  2 ufetubi
  A worm (D:4)
  A dart slug (D:1)
  5 orcs (D:5)
  10 bats
  3 endoplasms
  A giant cockroach (D:4)
  7 goblins
  6 hobgoblins
  A quokka (D:1)
  2 ball pythons
  3 frilled lizards (D:1)
  8 kobolds
  5 rats
76 creatures vanquished.

Notes
Turn   | Place    | Note
-------+----------+-------------------------------------------
     0 | D:1      | floatRand the Draconian Shapeshifter began the quest for
                  | the Orb.
     0 | D:1      | Reached XP level 1. HP: 16/16 MP: 1/1
   197 | D:1      | Reached XP level 2. HP: 23/23 MP: 2/2
   346 | D:1      | Found a faded altar of an unknown god.
   890 | D:2      | Found Goinousm's General Store.
   894 | D:2      | Bought a scroll of identify for 22 gold pieces
  1147 | D:2      | Reached XP level 3. HP: 27/28 MP: 3/3
  1304 | D:2      | Reached skill level 4 in Unarmed Combat
  2092 | D:3      | Reached XP level 4. HP: 35/35 MP: 4/4
  2130 | D:3      | Noticed TobyConnect's ghost (amateur DsSh)
  2132 | D:3      | Found a transporter.
  2134 | D:3      | Found a radiant altar of Vehumet.
  2165 | D:3      | Found a transporter.
  2650 | D:4      | Noticed a scorpion
  2663 | D:4      | Killed a scorpion
  2664 | D:4      | Reached skill level 5 in Unarmed Combat
  2664 | D:4      | Reached XP level 5. HP: 18/40 MP: 5/5
  3173 | D:5      | Entered Level 5 of the Dungeon
  3192 | D:5      | Noticed a centaur
  3216 | D:5      | Killed a centaur
  3220 | D:5      | Reached XP level 6. HP: 10/47 MP: 6/6
  3443 | D:5      | Reached skill level 6 in Unarmed Combat
  3540 | D:5      | Identified the +6 flail "Ykhlav" {speed, rC+}
  3683 | D:5      | Found a staircase to the Ecumenical Temple.
  4106 | D:6      | Your scales start taking on an icy white colour.
  4106 | D:6      | Reached XP level 7. HP: 32/52 MP: 7/7
  4106 | D:6      | Gained mutation: Your flesh is cold resistant. (rC+) [White
                  | Draconian growth]
  4112 | D:6      | Reached skill level 7 in Unarmed Combat
  4130 | D:6      | Mangled by a wight

Illustrated notes

Levels and vault maps discovered:
D:1:      nicolae_arrival_somewhat_less_tricky_arrival, layout_basic,
          shapermc_ecumenical_altar_flowoftime
D:2:      layout_loops_ring, serial_shops, nicolae_shop_stone, serial_forest,
          infiniplex_forest_clump_C, infiniplex_forest_lined_3,
          infiniplex_forest_end_1, infiniplex_forest_lined_room_,
          infiniplex_forest_clump_small, infiniplex_forest_clump_small
D:3:      layout_loops_ring, lemuel_crystal_altar, gammafunk_ghost_stat_death
D:4:      layout_basic, chequers_serial_rivers_micro_b
D:5:      layout_gridville, minmay_temple_entry_nine_rooms,
          serial_park_tiny_pond, minmay_misc_feat_rugged
D:6:      layout_basic, cheibrodos_sewer_entry_drain,
          chequers_serial_rivers_large_a, minivault_14, uniq_prince_ribbit1

Skill      XL: |  1  2  3  4  5  6  7 |
---------------+----------------------+-----
Unarmed Combat | 4 5 6 7 |  7.3
Shapeshifting  | 4 |  4.9
Fighting       | |  1.1
Dodging        | |  1.7

Action                     |  1- 3 |  4- 6 |  7- 9 || total
---------------------------+-------+-------+-------++-------
  Melee: Unarmed           |    77 |    88 |    22 ||   187
         Tailslap          |    10 |    15 |     1 ||    26
         Punch             |     1 |       |       ||     1
Ability: Breathe Frost     |       |       |     1 ||     1
  Evoke: Wand              |       |     1 |       ||     1
    Use: Scroll            |     3 |       |       ||     3
         Potion            |       |       |     1 ||     1
   Stab: Sleeping          |     2 |     2 |       ||     4
 Armour: Skin              |    23 |    22 |     6 ||    51
  Dodge: Dodged            |    43 |    63 |     5 ||   111

Table legend: (Time is in decaauts)
 A = Elapsed time spent in this place.
 B = Non-inter-level travel time spent in this place.
 C = Inter-level travel time spent in this place.
 D = Time resting spent in this place.
 E = Time spent auto-exploring this place.
 F = Levels seen in this place.
 G = Mean time per level.
                   A        B        C        D        E       F      G
               +--------+--------+--------+--------+--------+-----+--------+
         Total |   4112 |   3996 |    116 |    202 |   3023 |   6 |  685.3 |
       Dungeon |   4112 |   3996 |    116 |    202 |   3023 |   6 |  685.3 |
               +--------+--------+--------+--------+--------+-----+--------+

Top non-repeatable levels by time:
     D:2: 917 daAuts
     D:5: 904 daAuts
     D:1: 834 daAuts
     D:4: 711 daAuts
     D:3: 699 daAuts
     D:6: 44 daAuts
